 Dungeon Sprint DCSS version 0.20-a0-876-g2c7b0bf (webtiles) character file.

2429 esc the Grappler (level 9, -11/102 HPs)
             Began as a Troll Berserker on Mar 15, 2017.
             Was a High Priest of Trog.
             Mangled by a two-headed ogre
             ... wielding a +0 giant spiked club
              (20 damage)
             ... in the Dungeon (Sprint III: "The Ten Rune Challenge").
             The game lasted 00:03:13 (460 turns).

esc the Grappler (Troll Berserker)                   Turns: 460, Time: 00:03:13

Health: -11/102    AC:  8    Str: 27    XL:     9   Next: 24%
Magic:  8/8        EV: 15    Int:  3    God:    Trog [*****.]
Gold:   27         SH:  0    Dex: 12    Spells: 8/8 levels left

rFire    . . .     SeeInvis .     - Unarmed
rCold    . . .     Gourm    +   a - +0 animal skin
rNeg     . . .     Faith    .   (no shield)
rPois    +         Spirit   .   (helmet restricted)
rElec    .         Reflect  .   j - +2 cloak {rPois}
rCorr    .         Harm     .   (gloves unavailable)
MR       .....     NoTele   +   (boots unavailable)
Stlth    +.........             (no amulet)
Regen    0.7/turn               (no ring)
MPRegen  0.2/turn               (no ring)

@: exhausted, slowed, very slow
A: unfitting armour, claws 3, fast metabolism 3, gourmand, regeneration 1,
shaggy fur 1, tough skin 2
a: Berserk, Trog's Hand, Brothers in Arms, Burn Spellbooks, Renounce Religion


You were in the Dungeon.
You worshipped Trog.
Trog was extremely pleased with you.
You were not hungry.

You visited 1 branch You collected 27 gold pieces.

Inventory:

Armour
 a - a +0 animal skin (worn)
 j - a +2 cloak of poison resistance (worn)
   (You took it off Crazy Yiuf in the Dungeon)
Scrolls
 h - a scroll of blinking {!r}
 i - a scroll of recharging {unknown}
 k - 4 scrolls of identify
 n - a scroll of immolation {unknown}
 o - 3 scrolls of remove curse
 r - a scroll of torment {unknown}
Potions
 c - 2 potions of curing
 e - a potion of haste
 f - 2 potions of magic
 g - a potion of berserk rage {!q}
 l - 4 potions of mutation {unknown}
 q - 2 potions of flight
 s - a potion of lignification {unknown}
Books
 m - a book of Misfortune
   (You found it in the Dungeon)
 t - a book of Cantrips
   (You found it in the Dungeon)
Miscellaneous
 u - a phial of floods
   (You found it in the Dungeon)
Comestibles
 b - 3 bread rations {@e1}
 p - 2 royal jellies
 v - 14 chunks of flesh {@w0}


   Skills:
 + Level 10.6 Fighting
 + Level 10.6 Dodging
 + Level 12.4 Unarmed Combat


You had 8 spell levels left.
You didn't know any spells.

Dungeon Overview and Level Annotations

Branches:
Dungeon (1/1)

Altars:
Cheibriados
Dithmenos
Elyvilon
Fedhas
Gozag
Hepliaklqana
Kikubaaqudgha
Makhleb
Nemelex Xobeh
Okawaru
Qazlal
Ru
Sif Muna
Trog
Uskayaw
Vehumet
Wu Jian
Xom
Yredelemnul
Zin
The Shining One
Beogh
Jiyva
Lugonu


Innate Abilities, Weirdness & Mutations

You are too large for most types of armour.
You have claws for hands.
Your metabolism is lightning-fast.
You like to eat raw meat.
Your natural rate of healing is unusually fast.
You are covered in fur. (AC +1)
You have very tough skin. (AC +2)


Message History

You feel less exhausted.
You open the door.
There is an open door, spattered with blood here.
Items here: )))))) †† You butcher the two-headed ogre corpse.
v - 5 chunks of flesh {@w0}
Items here: )))))) † You butcher the two-headed ogre corpse.
v - 9 chunks of flesh {@w0} (gained 4)
Items here: )))))) ÷ A two-headed ogre comes into view.
It is wielding two giant clubs.
The two-headed ogre shouts in stereo!
You scratch the two-headed ogre. The two-headed ogre closely misses you.
The two-headed ogre misses you.
You mangle the two-headed ogre!! You mangle the two-headed ogre!!
The two-headed ogre misses you.
The two-headed ogre hits you but does no damage.
You mangle the two-headed ogre!! You mangle the two-headed ogre!!
You kill the two-headed ogre!
Trog accepts your kill.
Your Dodging skill increases to level 10!
Health restored: 93
Things that are here:
a giant club x2; a two-headed ogre corpse You butcher the two-headed ogre corpse.
v - 14 chunks of flesh {@w0} (gained 5)
Things that are here:
a giant club x2
A two-headed ogre and Erolcha come into view.
The two-headed ogre shouts in stereo!
Erolcha shouts!
A red film seems to cover your vision as you go berserk!
You feel yourself moving faster!
You feel mighty!
You feel a lot more hungry.
You now have 139/139 hp.
You feel a strong urge to attack something.
You scratch Erolcha. You claw Erolcha! Erolcha closely misses you.
You completely miss Erolcha. Your claw misses Erolcha. You scratch Erolcha.
Erolcha gestures at you while chanting.
You suddenly lose the ability to move!
Erolcha hits you with a giant spiked club!
The two-headed ogre hits you with a giant spiked club! x2
Erolcha hits you with a giant spiked club!
The two-headed ogre hits you with a giant spiked club!
The two-headed ogre hits you with a giant spiked club!!
You can move again.
You take 88 damage, and have 51/139 hp.
MASSIVE DAMAGE!!
Unknown command.
Unknown command.
You scratch Erolcha. You eviscerate Erolcha!!!
You kill Erolcha!
Trog accepts your kill.
Trog appreciates your killing of a magic user.
Your Fighting skill increases to level 10!
Your Unarmed Combat skill increases to level 12!
You have reached level 9!
Your experience leads to an increase in your attributes!
Your base attributes are Str 26, Int 3, Dex 11.
Increase (S)trength, (I)ntelligence, or (D)exterity?
You feel agile.
You feel stronger.
You are no longer berserk.
You are exhausted.
You feel yourself slow down.
You now have 39/102 hp.
You scratch the two-headed ogre. The two-headed ogre closely misses you.
The two-headed ogre hits you with a giant spiked club!!
* * * LOW HITPOINT WARNING * * *
You take 21 damage, and have 18/102 hp.
MASSIVE DAMAGE!!
You feel much better.
The two-headed ogre hits you with a giant spiked club!
The two-headed ogre misses you.
You regained 24 hp, and now have 42/102 hp.
You claw the two-headed ogre!
You claw the two-headed ogre, but do no damage.
The two-headed ogre closely misses you.
The two-headed ogre hits you with a giant spiked club!
* * * LOW HITPOINT WARNING * * *
You take 13 damage, and have 29/102 hp.
You mangle the two-headed ogre!!
The two-headed ogre completely misses you.
The two-headed ogre barely misses you.
You scratch the two-headed ogre. You mangle the two-headed ogre!!
The two-headed ogre hits you with a giant spiked club!
* * * LOW HITPOINT WARNING * * *
The two-headed ogre hits you with a giant spiked club!!
* * * LOW HITPOINT WARNING * * *
You take 30 damage, and have 1/102 hp.
MASSIVE DAMAGE!!
You feel much better. The two-headed ogre barely misses you.
The two-headed ogre hits you with a giant spiked club!
* * * LOW HITPOINT WARNING * * *
You regained 7 hp, and now have 8/102 hp.
You barely miss the two-headed ogre.
The two-headed ogre hits you with a giant spiked club!!
You die...

##### _#__# .#)_#
##%## ....# ....#
###'#
#..)#+##############
#...#....#.#.#..@O.#
#...##.#..#.##.###.#
#...'##.#.#.##.#..##
'...#)..#..#).##.O
▓▓▓▓▓▓▓▓▓▓▓▓▓▓▓▓▓▓


You could see a two-headed ogre.

Vanquished Creatures
  Erolcha (D)
  A deep elf mage (D)
  A shadow (D)
  A spatial vortex (D)
  A necrophage (D)
  4 two-headed ogres (D)
  A water elemental (D)
  A jelly (D)
  Crazy Yiuf (D)
  A wizard (D)
  A necromancer (D)
  3 humans (D)
  A kobold demonologist (D)
  An ooze (D)
  3 rats (D)
22 creatures vanquished.

Vanquished Creatures (others)
  2 draconian scorchers (D)
  6 hellions (D)
  A yaktaur (D)
  4 plants (D)
13 creatures vanquished.

Grand Total: 35 creatures vanquished

Notes
Turn   | Place    | Note
-------+----------+-------------------------------------------
     0 | D        | esc the Troll Berserker began the quest for the Orb.
     0 | D        | Reached XP level 1. HP: 22/22 MP: 0/0
    26 | D        | Reached ** piety under Trog
    29 | D        | Reached skill level 3 in Fighting
    29 | D        | Reached skill level 3 in Dodging
    69 | D        | Reached skill level 4 in Unarmed Combat
    69 | D        | Reached XP level 2. HP: 31/31 MP: 1/1
    83 | D        | Killed a hellion
   111 | D        | Killed a hellion
   117 | D        | Noticed Crazy Yiuf
   123 | D        | Killed Crazy Yiuf
   123 | D        | Reached skill level 4 in Fighting
   123 | D        | Reached skill level 4 in Dodging
   123 | D        | Reached skill level 5 in Unarmed Combat
   123 | D        | Reached XP level 3. HP: 39/39 MP: 2/2
   143 | D        | Killed a hellion
   148 | D        | Killed a white draconian scorcher
   150 | D        | Killed a hellion
   151 | D        | Killed a white draconian scorcher
   177 | D        | Noticed a water elemental
   181 | D        | Killed a water elemental
   181 | D        | Reached *** piety under Trog
   181 | D        | Reached skill level 5 in Fighting
   181 | D        | Reached skill level 5 in Dodging
   181 | D        | Reached skill level 6 in Unarmed Combat
   181 | D        | Reached XP level 4. HP: 50/50 MP: 3/3
   181 | D        | Killed a hellion
   183 | D        | Killed a hellion
   211 | D        | Killed a yaktaur
   218 | D        | Found a radiant altar of Vehumet.
   218 | D        | Found a deep blue altar of Sif Muna.
   218 | D        | Found an ancient bone altar of Kikubaaqudgha.
   218 | D        | Noticed a wizard
   225 | D        | Killed a wizard
   225 | D        | Reached XP level 5. HP: 57/57 MP: 4/4
   231 | D        | Noticed a hellwing
   232 | D        | Reached **** piety under Trog
   249 | D        | Found a glowing silver altar of Zin.
   249 | D        | Found a glowing golden altar of the Shining One.
   249 | D        | Found a white marble altar of Elyvilon.
   250 | D        | Noticed a deep elf mage
   254 | D        | Killed a deep elf mage
   254 | D        | Reached skill level 7 in Fighting
   254 | D        | Reached skill level 7 in Dodging
   254 | D        | Reached skill level 9 in Unarmed Combat
   254 | D        | Reached XP level 6. HP: 72/72 MP: 5/5
   254 | D        | Reached XP level 7. HP: 79/79 MP: 6/6
   258 | D        | Found a hide-covered altar of Uskayaw.
   258 | D        | Found a roughly hewn altar of Beogh.
   258 | D        | Found an iron altar of Okawaru.
   258 | D        | Found a bloodstained altar of Trog.
   258 | D        | Found an ornate altar of the Wu Jian Council.
   258 | D        | Noticed a human
   258 | D        | Noticed a human
   262 | D        | Killed a human
   262 | D        | Reached skill level 8 in Fighting
   262 | D        | Reached skill level 8 in Dodging
   267 | D        | Killed a human
   267 | D        | Reached skill level 10 in Unarmed Combat
   272 | D        | Found a basalt altar of Yredelemnul.
   272 | D        | Found a shadowy altar of Dithmenos.
   272 | D        | Found a sacrificial altar of Ru.
   273 | D        | Reached ***** piety under Trog
   287 | D        | Noticed a shadow
   290 | D        | Killed a shadow
   290 | D        | Reached skill level 9 in Fighting
   290 | D        | Reached skill level 9 in Dodging
   290 | D        | Reached XP level 8. HP: 90/92 MP: 7/7
   294 | D        | Received a gift from Trog
   295 | D        | Got a polished broad axe {god gift}
   305 | D        | Found a blossoming altar of Fedhas.
   305 | D        | Found a stormy altar of Qazlal.
   306 | D        | Found a snail-covered altar of Cheibriados.
   306 | D        | Found a burning altar of Makhleb.
   306 | D        | Found a hazy altar of Hepliaklqana.
   306 | D        | Found a shimmering altar of Xom.
   306 | D        | Found an opulent altar of Gozag.
   306 | D        | Found a sparkling altar of Nemelex Xobeh.
   306 | D        | Found a corrupted altar of Lugonu.
   306 | D        | Found a viscous altar of Jiyva.
   313 | D        | Reached skill level 11 in Unarmed Combat
   419 | D        | Noticed a two-headed ogre
   427 | D        | Killed a two-headed ogre
   427 | D        | Reached skill level 10 in Dodging
   437 | D        | Noticed a two-headed ogre
   437 | D        | Noticed Erolcha
   445 | D        | Paralysed by Erolcha for 4 turns
   452 | D        | Killed Erolcha
   452 | D        | Reached skill level 10 in Fighting
   452 | D        | Reached skill level 12 in Unarmed Combat
   452 | D        | Reached XP level 9. HP: 57/102 MP: 8/8
   453 | D        | HP: 18/102 [two-headed ogre/giant spiked club (21)]
   458 | D        | HP: 20/102 [two-headed ogre/giant spiked club (11)]
   458 | D        | HP: 1/102 [two-headed ogre/giant spiked club (19)]
   460 | D        | Mangled by a two-headed ogre

Vault maps used:
D:        dungeon_sprint_mu

Skill      XL: |  1  2  3  4  5  6  7  8 |
---------------+-------------------------+-----
Fighting       | 3 4 5 7 9 10 | 10.6
Dodging        | 3 4 5 7 9 10 | 10.6
Unarmed Combat | 4 5 6 9 10 12 | 12.4

Action                   |  1- 3 |  4- 6 |  7- 9 || total
-------------------------+-------+-------+-------++-------
Melee: Unarmed           |    20 |    16 |    52 ||    88
       Punch             |       |     1 |     2 ||     3
Invok: Berserk           |     3 |       |     2 ||     5
  Use: Potion            |       |       |     2 ||     2
  Eat: Chunk             |     6 |     1 |       ||     7
Armor: Animal skin       |     5 |     3 |     2 ||    10
Dodge: Dodged            |     6 |     6 |    23 ||    35

Vault maps used:
D:        dungeon_sprint_mu

Table legend:
 A = Turns spent in this place as a percentage of turns spent in the entire game.
 B = Non-inter-level travel turns spent in this place as a percentage of non-inter-level travel turns spent in the entire game.
 C = Inter-level travel turns spent in this place as a percentage of turns spent in this place.
 D = Turns resting spent in this place as a percentage of non-inter-level travel turns spent in this place.
 E = Turns spent auto-exploring this place as a percentage of non-inter-level travel turns spent in this place.
 F = Non-inter-level travel turns spent in this place divided by the number of levels of this place that you've seen.
                   A       B       C       D       E      F
               +-------+-------+-------+-------+-------+----------------------
         Total | 100.0 | 100.0 |   0.0 |   7.2 |   0.0 | 320.0
       Dungeon | 100.0 | 100.0 |   0.0 |   7.2 |   0.0 | 320.0
               +-------+-------+-------+-------+-------+----------------------

Table legend:
 A = Kills in this place as a percentage of kills in entire the game.
 B = Kills by you in this place as a percentage of kills by you in the entire game.
 C = Kills by friends in this place as a percentage of kills by friends in the entire game.
 D = Other kills in this place as a percentage of other kills in the entire game.
 E = Experience gained in this place as a percentage of experience gained in the entire game.
 F = Experience gained in this place divided by the number of levels of this place that you have seen.
                   A       B       C       D       E      F
               +-------+-------+-------+-------+-------+----------------------
         Total | 100.0 | 100.0 |  -nan |  -nan | 100.0 | 3470.0
       Dungeon | 100.0 | 100.0 |  -nan |  -nan | 100.0 | 3470.0
               +-------+-------+-------+-------+-------+----------------------
